 Dungeon Crawl Stone Soup version 0.24.0-37-gcf1ca852f1 (webtiles) character file.

Game seed: 12163144190585923433, levelgen mode: deterministic

2440 Goreval the Cleaver (level 9, -2/81 HPs)
             Began as a Hill Orc Monk on Dec 7, 2019.
             Was a Priest of Beogh.
             Slain by a wyvern (12 damage)
             ... on level 9 of the Dungeon.
             The game lasted 00:14:30 (11953 turns).

Goreval the Cleaver (Hill Orc Monk)                Turns: 11953, Time: 00:14:31

Health: -2/81      AC:  6    Str: 17    XL:     9   Next: 49%
Magic:  9/9        EV: 12    Int: 10    God:    Beogh [***...]
Gold:   454        SH:  5    Dex: 13    Spells: 8/8 levels left

rFire    + + .     SeeInvis +   A - +0 war axe
rCold    . . .     Gourm    .   q - +0 buckler
rNeg     . . .     Faith    .   C - +1 leather armour {rF+}
rPois    .         Spirit   .   (no helmet)
rElec    .         Reflect  .   (no cloak)
rCorr    .         Harm     .   (no gloves)
MR       .....                  F - +1 pair of boots
Stlth    +.........             (no amulet)
HPRegen  0.23/turn              l - ring of see invisible
MPRegen  0.11/turn              K - ring of protection from fire

@: lightly drained
A: no striking features
a: Smiting, Renounce Religion


You were on level 9 of the Dungeon.
You worshipped Beogh.
Beogh was most pleased with you.
You were hungry.

You visited 1 branch of the dungeon, and saw 9 of its levels.
You also visited: Ossuary.

You collected 454 gold pieces.

Inventory:

Hand Weapons
 a - a +1 hand axe
 A - a +0 war axe (weapon)
Missiles
 p - 271 stones (quivered)
Armour
 b - a +0 scale mail
 q - a +0 buckler (worn)
 u - a +0 shield
 v - a +0 chain mail
 C - a +1 leather armour of fire resistance (worn)
 F - a +1 pair of boots (worn)
Jewellery
 l - a ring of see invisible (left hand)
 w - an uncursed ring of positive energy
 y - an uncursed ring of ice
 K - a ring of protection from fire (right hand)
Wands
 L - a wand of iceblast (8)
Scrolls
 d - 8 scrolls of identify
 e - 5 scrolls of remove curse
 h - 3 scrolls of enchant weapon
 i - a scroll of enchant armour {unknown}
 j - 3 scrolls of teleportation
 o - 3 scrolls of blinking
 r - 2 scrolls of random uselessness {unknown}
 s - 3 scrolls of amnesia {unknown}
 t - a scroll of fog {unknown}
 D - 3 scrolls of fear {unknown}
 E - 3 scrolls of immolation {unknown}
Potions
 f - 3 potions of flight
 g - 5 potions of brilliance
 k - 2 potions of mutation {unknown}
 m - 4 potions of agility
 n - 5 potions of magic
 x - 2 potions of ambrosia {unknown}
 z - a potion of invisibility {unknown}
 B - a potion of lignification {unknown}
 G - 2 potions of curing {unknown}
 H - 3 potions of might {unknown}
 I - a potion of heal wounds {unknown}
 J - a potion of haste {unknown}
Comestibles
 c - 13 rations
 M - 2 chunks of flesh


   Skills:
 + Level 7.9(7.6) Fighting
 * Level 11.4(11.0) Axes
 + Level 5.6(5.3) Armour
 - Level 2.4(2.1) Dodging
 - Level 1.5(1.3) Stealth
 + Level 5.1(4.8) Shields


You had 8 spell levels left.
You didn't know any spells.
Your spell library contained the following spells:

 Spells                   Type           Power        Failure   Level  Hunger
 Animate Skeleton         Necr           N/A          41%         1    ##.....
 Apportation              Tloc           #.....       41%         1    ##.....
 Confusing Touch          Hex            #.....       41%         1    ##.....
 Summon Small Mammal      Summ           #...         41%         1    ##.....


Dungeon Overview and Level Annotations

Branches:
Dungeon (9/15)             Temple (0/1) D:4         Ossuary (visited)
   Lair: D:8-11         Orc: D:9-12

Altars:
Cheibriados
Kikubaaqudgha
Makhleb
Nemelex Xobeh
Ru
Uskayaw
Wu Jian
Xom


Message History

You are feeling hungry.
The wyvern bites you.
You hit the wyvern but do no damage. The wyvern bites you!
You barely miss the wyvern. You block the wyvern's attack.
The wyvern bites you but does no damage.
You hit the wyvern but do no damage. The wyvern closely misses you.
You barely miss the wyvern. You block the wyvern's attack.
The wyvern barely misses you.
You slash the wyvern! The wyvern closely misses you.
You hit the wyvern but do no damage.
The wyvern bites you but does no damage.
You hit the wyvern. You block the wyvern's attack. The wyvern bites you!!
You closely miss the wyvern. The wyvern bites you!
You barely miss the wyvern. The wyvern bites you. The wyvern bites you!
You barely miss the wyvern. The wyvern barely misses you.
You hit the wyvern but do no damage. The wyvern completely misses you.
You hit the wyvern but do no damage. The wyvern bites you!
* * * LOW HITPOINT WARNING * * *
The wyvern bites you!
You die...

#..##...# #.. #..##...# #...#
#..# #..##...##......... #...#
#..# #..##...##....h.... #...#
#..# #..##...##......... #...#
#..# #..##...##......... #...#
#..# #..##...##......... ###...#
#..###..##z..##.........
......###.......@lzz.##.........
.....<....รท....###zz.##...z.....
...............# #..............
...............# #.....####.....
......####.....# #>..#.+ ....
......# #.....# #...#.# ...
......# #.....# #...#.. ..
......# #.....# #...#... .
......# #.....# #...#...#


You could see a wyvern and 5 wights.

Vanquished Creatures
  2 hippogriffs
  A phantom (D:8)
  3 sky beasts
  An ice beast (D:6)
  4 ogres
  2 bullfrogs
  2 scorpions
  A water moccasin skeleton (D:7)
  A howler monkey (D:6)
  A bullfrog zombie (D:7)
  3 crimson imps
  A centaur zombie (D:7)
  A quasit (D:7)
  A gnoll shaman (D:3)
  3 hounds
  3 jellies (D:7)
  3 orc wizards
  2 iguanas
  Natasha (thrice) (D:3)
  3 worker ants
  3 mummies (Ossuary)
  9 adders
  4 gnolls
  2 shadow imps
  3 oozes
  2 adder zombies
  5 worms
  4 dart slugs
  A leopard gecko (D:4)
  6 orcs
  11 bats
  7 giant cockroaches
  16 goblins
  10 hobgoblins
  9 jackals (D:3)
  7 quokkas
  2 ball pythons
  7 frilled lizards
  4 goblin zombies (Ossuary)
  6 hobgoblin zombies (Ossuary)
  7 kobolds
  2 kobold zombies (Ossuary)
  A leopard gecko skeleton (D:4)
  A leopard gecko zombie (D:5)
  3 quokka zombies (Ossuary)
  7 rats
  2 rat zombies (Ossuary)
182 creatures vanquished.

Vanquished Creatures (others)
  An orc priest (D:5)
  2 orc wizards (D:5)
  5 orcs (D:5)
  2 jackals (D:5)
  A quokka skeleton (D:5)
11 creatures vanquished.

Grand Total: 193 creatures vanquished

Notes
Turn   | Place    | Note
-------+----------+-------------------------------------------
     0 | D:1      | Goreval the Hill Orc Monk began the quest for the Orb.
     0 | D:1      | Reached XP level 1. HP: 19/19 MP: 1/1
    17 | D:1      | Reached XP level 2. HP: 25/27 MP: 2/2
   312 | D:1      | Reached skill level 5 in Axes
   349 | D:1      | Reached XP level 3. HP: 32/33 MP: 3/3
  1142 | D:2      | Found a burning altar of Makhleb.
  1899 | D:2      | Found a snail-covered altar of Cheibriados.
  2019 | D:2      | Reached XP level 4. HP: 37/41 MP: 4/4
  2117 | D:2      | Found an ancient bone altar of Kikubaaqudgha.
  2123 | D:2      | Found an ornate altar of the Wu Jian Council.
  2281 | D:2      | Reached skill level 6 in Axes
  2720 | D:3      | Reached XP level 5. HP: 34/47 MP: 5/5
  2740 | D:3      | Reached skill level 1 in Armour
  2743 | D:3      | HP: 1/47 [jackal (2)]
  3559 | D:3      | Noticed Natasha
  3571 | D:3      | Killed Natasha
  3571 | D:3      | Reached skill level 5 in Fighting
  4032 | D:3      | Noticed Natasha
  4042 | D:3      | Killed Natasha
  4042 | D:3      | Reached skill level 7 in Axes
  4042 | D:3      | Reached XP level 6. HP: 42/56 MP: 6/6
  4574 | D:4      | Got a warped quarterstaff
  5065 | D:3      | Noticed Natasha
  5072 | D:3      | Killed Natasha
  5109 | D:3      | Reached skill level 1 in Shields
  5419 | D:4      | Reached XP level 7. HP: 36/61 MP: 7/7
  5774 | D:3      | Reached skill level 8 in Axes
  6021 | D:4      | Found a staircase to the Ecumenical Temple.
  6144 | D:5      | Entered Level 5 of the Dungeon
  6544 | D:5      | Became a worshipper of Beogh the Brigand
  6544 | D:5      | Reached * piety under Beogh
  6544 | D:5      | Reached ** piety under Beogh
  6692 | D:5      | You fall into a shaft and drop 1 floor!
  6856 | D:5      | Found a sparkling altar of Nemelex Xobeh.
  7147 | D:5      | Reached skill level 9 in Axes
  7147 | D:5      | Reached XP level 8. HP: 41/70 MP: 8/8
  7423 | D:5      | Found an ornate altar of the Wu Jian Council.
  8556 | D:6      | Reached skill level 10 in Axes
  8939 | D:7      | Found a shimmering altar of Xom.
  9193 | D:7      | Found a sacrificial altar of Ru.
  9221 | D:7      | Found a sand-covered staircase.
  9237 | Ossuary  | Entered an ossuary
  9704 | D:7      | Reached XP level 9. HP: 78/79 MP: 9/9
 10001 | D:7      | Reached *** piety under Beogh
 10016 | D:7      | Reached skill level 5 in Armour
 10401 | D:7      | Found a hide-covered altar of Uskayaw.
 10728 | D:8      | Reached skill level 11 in Axes
 11261 | D:8      | Reached skill level 5 in Shields
 11953 | D:9      | Slain by a wyvern

Levels and vault maps discovered:
D:1:      evilmike_arrival_crescent, layout_basic
D:2:      layout_loops_ring, old_standard_altar, lemuel_crystal_altar,
          minitemple
D:3:      layout_basic, minmay_ruptured, uniq_natasha
D:4:      layout_cave_pools, minmay_temple_entry_enclosed_plants, first_ration,
          solitary_fountain, minmay_ogre_servants
D:5:      layout_loops_ring, nicolae_overflow_hidden_temple, serial_rivers,
          chequers_serial_rivers_small_3, chequers_serial_rivers_marsh,
          chequers_serial_rivers_room_b, chequers_serial_rivers_small_3,
          basic_altar
D:6:      layout_loops_cross, cheibrodos_sewer_entry_bend
D:7:      layout_layer_cave, lemuel_coloured_pillars_altar,
          nicolae_ru_great_annihilating_truth, enter_ossuary_1,
          dk_xom_monty_hall
D:8:      layout_rooms
D:9:      layout_long_grid, kennysheep_mini, lemuel_doored_altar,
          ebering_ghost_reflecting_pool, uniq_pikel, uniq_psyche, uniq_joseph

Skill      XL: |  1  2  3  4  5  6  7  8  9 |
---------------+----------------------------+-----
Fighting       | 4 5 6 7 |  7.9
Axes           | 5 6 7 9 10 11 | 11.4
Armour         | 1 2 3 4 5 |  5.6
Shields        | 1 2 4 5 |  5.1
Dodging        | |  2.4
Stealth        | |  1.5

Action                   |  1- 3 |  4- 6 |  7- 9 || total
-------------------------+-------+-------+-------++-------
Melee: Hand axe          |   158 |   231 |    26 ||   415
       War axe           |       |       |   350 ||   350
Throw: Stone             |       |       |     7 ||     7
Invok: Convert to Beogh  |       |       |     1 ||     1
  Use: Scroll            |       |     8 |       ||     8
 Stab: Sleeping          |     7 |     2 |       ||     9
       Paralysed         |       |       |     1 ||     1
       Distracted        |       |       |     1 ||     1
  Eat: Chunk             |     3 |    11 |    14 ||    28
       Ration            |       |       |     2 ||     2
Armor: Robe              |    19 |       |       ||    19
       Ring mail         |    12 |    43 |       ||    55
       Chain mail        |       |    30 |    32 ||    62
       Leather armour    |       |       |    60 ||    60
Dodge: Dodged            |    86 |   156 |   176 ||   418
Block: Buckler           |       |     7 |    62 ||    69
